 Dungeon Sprint DCSS version 0.22.1-2-g9c5b331383 (webtiles) character file.

169278 Groucho the Minotaur Barricade (level 17, 0/168 HPs)
             Began as a Minotaur Fighter on Dec 31, 2018.
             Was the Champion of Qazlal.
             Killed by drain life
             ... invoked by a deathcap
             ... summoned by a curse toe
              (9 damage)
             ... in the Dungeon (Sprint VII: "The Pits").
             The game lasted 00:31:07 (8034 turns).

Groucho the Minotaur Barricade (Minotaur Fighter)   Turns: 8034, Time: 00:31:08

Health: 0/168      AC: 43    Str: 33    XL:     17   Next: 10%
Magic:  10/29      EV: 17    Int:  7    God:    Qazlal [******]
Gold:   166        SH: 41    Dex:  9    Spells: 16/16 levels left

rFire    + + .     SeeInvis +   E - +5 broad axe
rCold    + . .     Gourm    .   v - +1 large shield
rNeg     . . .     Faith    .   G - +2 gold dragon scales
rPois    +         Spirit   .   c - +0 hat
rElec    .         Reflect  +   x - +1 cloak
rCorr    .         Harm     .   F - +1 pair of gloves
MR       +....     NoTele   +   l - +0 pair of boots
Stlth    ..........             P - amulet "Vamin" {Reflect +Fly Str-2 SH+4 SInv}
HPRegen  0.38/turn              Z - ring "Tet Haga" {rF+ Str+8 Stlth-}
MPRegen  0.21/turn              T - ring of Abaur {AC+6 Int+2 Dex-2 Slay+5 SInv}

@: repel missiles
A: retaliatory headbutt, horns 2
}: 1/3 runes: silver
a: Upheaval, Elemental Force, Disaster Area, Renounce Religion, Evoke Flight


You were in the Dungeon.
You worshipped Qazlal.
Qazlal was exalted by your worship.
You were full.

You visited 1 branch You collected 166 gold pieces.

Inventory:

Hand Weapons
 a - a +2 morningstar of crushing
 E - a +5 broad axe (weapon)
Missiles
 q - 26 stones (quivered)
 C - 16 poisoned javelins
Armour
 c - a +0 hat (worn)
 l - a +0 pair of boots (worn)
 v - a +1 large shield (worn)
 x - a +1 cloak (worn)
 A - a +0 pair of gloves of archery
 F - a +1 pair of gloves (worn)
 G - +2 gold dragon scales (worn)
Jewellery
 b - the amulet of Syndicalism {+Rage rN+ Str+3}
   (You found it in the Dungeon)

   [amulet of rage]

   It affects your strength (+3).
   It protects you from negative energy.
   It lets you go berserk.
 k - the amulet of Joy {Gourm rN+++ Str-5 Int-5 SInv}
   (You found it in the Dungeon)

   [amulet of the gourmand]

   It allows you to eat raw meat even when not hungry.
   It affects your strength (-5).
   It affects your intelligence (-5).
   It renders you almost immune to negative energy.
   It lets you see invisible.
 D - the amulet of Birdsong {rPois rC++ Regen+ Dex+4 Slay-3}
   (You found it in the Dungeon)

   [amulet of regeneration]

   It affects your dexterity (+4).
   It affects your accuracy and damage with ranged weapons and melee attacks
   (-3).
   It greatly protects you from cold.
   It protects you from poison.
   It increases your rate of regeneration.
 H - the amulet of the Barracuda {RegenMP rElec rF+ rC++ Str-5}
   (You found it in the Dungeon)

   [amulet of magic regeneration]

   It increases your magic regeneration.
   It affects your strength (-5).
   It protects you from fire.
   It greatly protects you from cold.
   It insulates you from electricity.
 J - the ring "Even" {rC- EV+6 Int+8}
   (You found it in the Dungeon)

   [ring of evasion]

   It affects your evasion (+6).
   It affects your intelligence (+8).
   It makes you vulnerable to cold.
 K - the ring of Wooxzimi {rPois MR+}
   (You found it in the Dungeon)

   [ring of poison resistance]

   It protects you from poison.
   It affects your resistance to hostile enchantments.
 L - the ring "Davab" {MP-9 Int+6 Dex+4 Slay+2 Stlth+}
   (You found it in the Dungeon)

   [ring of intelligence]

   It affects your intelligence (+6).
   It affects your dexterity (+4).
   It affects your accuracy and damage with ranged weapons and melee attacks
   (+2).
   It affects your magic capacity (-9).
   It makes you more stealthy.
 M - the amulet "Goprikij" {+Rage Str+4}
   (You found it in the Dungeon)

   [amulet of rage]

   It affects your strength (+4).
   It lets you go berserk.
 N - the ring of Yredelemnul's Delight {rN+ Slay+5}
   (You found it in the Dungeon)

   [ring of slaying]

   It affects your accuracy and damage with ranged weapons and melee attacks
   (+5).
   It protects you from negative energy.
 O - the ring "Touher" {Int+4 Slay+5}
   (You found it in the Dungeon)

   [ring of slaying]

   It affects your intelligence (+4).
   It affects your accuracy and damage with ranged weapons and melee attacks
   (+5).
 P - the amulet "Vamin" (around neck) {Reflect +Fly Str-2 SH+4 SInv}
   (You found it in the Dungeon)

   [amulet of reflection]

   It shields you and reflects attacks.
   It affects your strength (-2).
   It lets you see invisible.
   It lets you fly.
   It affects your SH (+4).
 R - a +3 ring of slaying
 S - a +6 ring of protection
 T - the ring of Abaur (right hand) {AC+6 Int+2 Dex-2 Slay+5 SInv}
   (You found it in the Dungeon)

   [ring of protection]

   It affects your AC (+6).
   It affects your intelligence (+2).
   It affects your dexterity (-2).
   It affects your accuracy and damage with ranged weapons and melee attacks
   (+5).
   It lets you see invisible.
 U - a +6 ring of evasion
 V - the ring "Wallocw" {rElec rN+ MP+9 Int+6}
   (You found it in the Dungeon)

   [ring of intelligence]

   It affects your intelligence (+6).
   It insulates you from electricity.
   It protects you from negative energy.
   It affects your magic capacity (+9).
 W - the ring of Joang {rPois rF+ MR+ Int+5}
   (You found it in the Dungeon)

   [ring of protection from magic]

   It affects your intelligence (+5).
   It protects you from fire.
   It protects you from poison.
   It affects your resistance to hostile enchantments.
 X - the ring of the Jackalope {rF+ rC+}
   (You found it in the Dungeon)

   [ring of protection from fire]

   It protects you from fire.
   It protects you from cold.
 Y - the ring of Isommit {rF- rC+++ rN+ Int-3 Stlth+}
   (You found it in the Dungeon)

   [ring of positive energy]

   It affects your intelligence (-3).
   It makes you vulnerable to fire.
   It renders you almost immune to cold.
   It protects you from negative energy.
   It makes you more stealthy.
 Z - the ring "Tet Haga" (left hand) {rF+ Str+8 Stlth-}
   (You found it in the Dungeon)

   [ring of attention]

   It affects your strength (+8).
   It protects you from fire.
   It makes you less stealthy.
Wands
 w - a wand of acid (10)
Scrolls
 h - 7 scrolls of enchant armour
 n - 4 scrolls of remove curse
 o - 6 scrolls of amnesia
 p - a scroll of summoning
 y - 10 scrolls of enchant weapon
 z - 3 scrolls of blinking
 I - 6 scrolls of identify
 Q - a scroll of fog
Potions
 d - 3 potions of might
 e - 13 potions of curing
 g - 16 potions of heal wounds
 i - 3 potions of magic
 j - 4 potions of berserk rage
 m - a potion of invisibility
 r - 2 potions of resistance
 s - 3 potions of agility
 t - a potion of brilliance
 u - 9 potions of haste
Miscellaneous
 B - a fan of gales
Comestibles
 f - 7 rations


   Skills:
 - Level 19.0 Fighting
 - Level 18.8 Axes
 O Level 27 Armour
 - Level 21.7 Dodging
 O Level 27 Shields
 - Level 22.2 Unarmed Combat
 + Level 19.6 Invocations


You had 16 spell levels left.
You didn't know any spells.
Your spell library was empty.

Dungeon Overview and Level Annotations

Branches:
Dungeon (1/1)

Altars:
Ashenzari
Cheibriados
Dithmenos
Elyvilon
Fedhas
Gozag
Hepliaklqana
Kikubaaqudgha
Makhleb
Nemelex Xobeh
Okawaru
Qazlal
Ru
Sif Muna
Trog
Uskayaw
Vehumet
Wu Jian
Xom
Yredelemnul
Zin
The Shining One
Beogh
Jiyva
Lugonu


Innate Abilities, Weirdness & Mutations

You reflexively headbutt those who attack you in melee.
You have a pair of horns on your head.


Message History

You slice the wandering mushroom!! You slash the wandering mushroom!
You slash the deathcap! You hit the wandering mushroom.
Louise blocks your attack.
The neqoxec gestures.
The curse toe calls on the powers of darkness!
Your body is wracked with pain!
* * * LOW HITPOINT WARNING * * *
Louise convulses!
Louise is engulfed in freezing vapours.
You kill Louise!
Qazlal accepts your kill.
The mummy priest mumbles some strange prayers to its god against you.
Something smites you!
* * * LOW HITPOINT WARNING * * *
You hit the curse toe.
You headbutt the curse toe, but do no damage.
The curse toe is heavily damaged.
You slash the wandering mushroom! You hit the deathcap but do no damage.
You slice the wandering mushroom!! You hit the wandering mushroom.
The deathcap draws from the surrounding life force!
You die...

.##.[.##..........#
..#.).##..........#
..##......#....#..#
...#..)...........#
########.)........#
########).#....#§.#
...............§..# #
...............fff# ))#
####..##..#....#@z##).)†.
.#[#..##.......f§§M)3.)..
#.#)).##......§...§(55...
[#)#).####''####''#######
#.##..####''####''###############
.#.#..##......##.......[.))..[.[(
####..##.#.##.##..).((.(.(.).).)(
......##.#).+.##..##############(
......##.')[#.##(.#))'...'))#.)))


You could see a curse toe, a mummy priest, a deathcap, 3 wandering mushrooms, a
neqoxec, a crimson imp and a white imp.

Vanquished Creatures
  Mara (D)
  A greater mummy (D)
  A profane servitor (D)
  A bone dragon (D)
  2 tentacled monstrosities (D)
  4 liches (D)
  2 deep elf blademasters (D)
  5 sphinxes (D)
  Gastronok (D)
  A storm dragon (D)
  2 shadow dragons (D)
  3 nagarajas (D)
  A fire giant (D)
  2 ghost moths (D)
  3 orc warlords (D)
  2 deep elf sorcerers (D)
  Louise (D)
  An iron dragon (D)
  A balrug (D)
  3 ghouls (D)
  2 spriggan defenders (D)
  4 vampire knights (D)
  A black draconian (D)
  A green draconian (D)
  2 apis (D)
  A minotaur (D)
  2 lorocyprocas (D)
  A purple draconian (D)
  4 deep elf annihilators (D)
  A yellow draconian (D)
  A white draconian (D)
  An eidolon (D)
  Snorg (D)
  A blizzard demon (D)
  A green death (D)
  A great orb of eyes (D)
  3 fire dragons (D)
  A yaktaur captain (D)
  An ice dragon (D)
  5 naga warriors (D)
  A vault guard (D)
  A hydra (D)
  A hell beast (D)
  A death knight (D)
  2 merfolk avatars (D)
  A two-headed ogre (D)
  4 death yaks (D)
  An ogre mage (D)
  13 vampire magi (D)
  5 hell knights (D)
  2 deep elf knights (D)
  3 fire crabs (D)
  An iron troll (D)
  A spriggan druid (D)
  2 sixfirhies (D)
  A fire crab (shapeshifter) (D)
  A shadow wraith (D)
  4 skeletal warriors (D)
  An unseen horror (D)
  2 cherubim (D)
  2 wizards (D)
  7 flayed ghosts (D)
  2 swamp dragons (D)
  A phantasmal warrior (D)
  10 orc knights (D)
  A deep elf archer (D)
  A necromancer (D)
  3 harpies (D)
  3 deep elf magi (D)
  An ugly thing (D)
  5 wolf spiders (D)
  A manticore (D)
  4 elephants (D)
  2 black mambas (D)
  A molten gargoyle (D)
  A smoke demon (D)
  A gargoyle (D)
  2 yaktaurs (D)
  2 freezing wraiths (D)
  An ice devil (D)
  4 efreet (D)
  A rime drake (D)
  A hellwing (D)
  A merfolk (D)
  A jumping spider (D)
  A troll (D)
  4 polar bears (D)
  A hornet (D)
  3 blink frogs (D)
  6 dream sheep (D)
  3 slime creatures (D)
  A snapping turtle (D)
  A large abomination (D)
  8 redbacks (D)
  3 wraiths (D)
  A tarantella (D)
  An air elemental (D)
  A shadow (D)
  3 spriggans (D)
  A wyvern (D)
  7 yaks (D)
  A tarantella (shapeshifter) (D)
  8 vampires (D)
  A basilisk (D)
  Grum (D)
  A chaos spawn (D)
  7 vampire mosquitoes (D)
  A neqoxec (D)
  A warg (D)
  2 nagas (D)
  3 hell hounds (D)
  A water moccasin (D)
  A floating eye (D)
  An orc warrior (D)
  An eye of draining (D)
  A black bear (D)
  8 wolves (D)
  A centaur (D)
  2 bullfrogs (D)
  2 gnoll sergeants (D)
  5 killer bees (D)
  5 wights (D)
  2 small abominations (D)
  An iron imp (D)
  An orc priest (D)
  A gnoll shaman (D)
  An orc wizard (D)
  2 iguanas (D)
  A mummy (D)
  9 gnolls (D)
  4 adders (D)
  2 river rats (D)
  3 ufetubi (D)
  2 adder skeletons (D)
  4 adder simulacra (D)
  A leopard gecko (D)
  10 orcs (D)
  2 bat skeletons (D)
  A bat zombie (D)
  3 jackals (D)
  A kobold (D)
  A quokka (D)
  A ball python zombie (D)
  A bat simulacrum (D)
  A giant cockroach simulacrum (D)
  2 giant cockroach zombies (D)
  5 leopard gecko simulacra (D)
  A leopard gecko skeleton (D)
  2 quokka simulacra (D)
  A rat (D)
345 creatures vanquished.

Vanquished Creatures (others)
  A death yak (D)
1 creature vanquished.

Grand Total: 346 creatures vanquished

Notes
Turn   | Place    | Note
-------+----------+-------------------------------------------
     0 | D        | Groucho the Minotaur Fighter began the quest for the Orb.
     0 | D        | Reached XP level 1. HP: 19/19 MP: 0/0
    45 | D        | Found a bloodstained altar of Trog.
    45 | D        | Found a deep blue altar of Sif Muna.
    45 | D        | Found a viscous altar of Jiyva.
    45 | D        | Found a hazy altar of Hepliaklqana.
    45 | D        | Found an opulent altar of Gozag.
    46 | D        | Found a glowing golden altar of the Shining One.
    46 | D        | Found a glowing silver altar of Zin.
    46 | D        | Found a basalt altar of Yredelemnul.
    46 | D        | Found a shimmering altar of Xom.
    46 | D        | Found an ornate altar of the Wu Jian Council.
    46 | D        | Found a sacrificial altar of Ru.
    46 | D        | Found a stormy altar of Qazlal.
    46 | D        | Found an iron altar of Okawaru.
    46 | D        | Found a sparkling altar of Nemelex Xobeh.
    46 | D        | Found a burning altar of Makhleb.
    46 | D        | Found a blossoming altar of Fedhas.
    46 | D        | Found a white marble altar of Elyvilon.
    46 | D        | Found a shadowy altar of Dithmenos.
    46 | D        | Found a snail-covered altar of Cheibriados.
    49 | D        | Found a corrupted altar of Lugonu.
    49 | D        | Found a radiant altar of Vehumet.
    49 | D        | Found a roughly hewn altar of Beogh.
    50 | D        | Found an ancient bone altar of Kikubaaqudgha.
    50 | D        | Found a hide-covered altar of Uskayaw.
    50 | D        | Found a shattered altar of Ashenzari.
    57 | D        | Became a worshipper of Qazlal Stormbringer
    77 | D        | Noticed a floating eye
    81 | D        | Killed a floating eye
    81 | D        | Reached * piety under Qazlal
    81 | D        | Reached skill level 5 in Axes
    81 | D        | Reached XP level 2. HP: 31/31 MP: 1/1
    81 | D        | Reached XP level 3. HP: 38/38 MP: 2/2
    81 | D        | Reached XP level 4. HP: 45/45 MP: 3/3
    86 | D        | Reached skill level 1 in Invocations
    92 | D        | Noticed a gnoll sergeant
    93 | D        | Reached ** piety under Qazlal
    95 | D        | Reached XP level 5. HP: 34/51 MP: 3/5
    98 | D        | Reached *** piety under Qazlal
   115 | D        | Reached **** piety under Qazlal
   431 | D        | Reached XP level 6. HP: 51/61 MP: 7/7
   433 | D        | Reached ***** piety under Qazlal
   440 | D        | Reached skill level 5 in Invocations
   440 | D        | Reached XP level 7. HP: 61/70 MP: 9/9
   684 | D        | Noticed a six-headed hydra
   706 | D        | Killed a six-headed hydra
   706 | D        | Reached skill level 10 in Fighting
   706 | D        | Reached skill level 10 in Axes
   706 | D        | Reached skill level 10 in Armour
   706 | D        | Reached skill level 10 in Shields
   706 | D        | Reached XP level 8. HP: 27/81 MP: 3/12
  1455 | D        | Noticed a deep elf mage
  1455 | D        | Noticed an efreet
  1474 | D        | Killed an efreet
  1475 | D        | Killed a deep elf mage
  1475 | D        | Reached XP level 9. HP: 43/89 MP: 4/14
  1943 | D        | Found the +6 Majin-Bo {vamp, Archmagi MP+6 Int+6}
  2087 | D        | Noticed an efreet
  2101 | D        | Killed an efreet
  2101 | D        | Reached ****** piety under Qazlal
  2109 | D        | Noticed a death yak
  2117 | D        | Killed a death yak
  2135 | D        | Noticed a black mamba
  2142 | D        | Killed a black mamba
  2166 | D        | Reached XP level 10. HP: 87/101 MP: 16/16
  2189 | D        | Noticed Grum
  2190 | D        | Killed Grum
  2190 | D        | Reached skill level 10 in Invocations
  2194 | D        | Noticed a smoke demon
  2204 | D        | Killed a shadow wraith
  2205 | D        | Killed a smoke demon
  2208 | D        | Killed a ghost moth
  2535 | D        | Noticed a fire crab
  2553 | D        | Killed a fire crab
  2553 | D        | Reached XP level 11. HP: 91/111 MP: 18/18
  2722 | D        | Noticed a two-headed ogre
  2736 | D        | Reached skill level 15 in Armour
  2736 | D        | Reached skill level 15 in Shields
  2739 | D        | Reached skill level 15 in Fighting
  2747 | D        | Reached skill level 15 in Axes
  2749 | D        | Killed a two-headed ogre
  3363 | D        | Noticed a vampire mage
  3372 | D        | Killed a vampire mage
  3375 | D        | Noticed a phantasmal warrior
  3385 | D        | Killed a phantasmal warrior
  3572 | D        | Noticed Snorg
  3590 | D        | Killed Snorg
  3590 | D        | Reached XP level 12. HP: 99/122 MP: 20/20
  3856 | D        | Noticed a naga warrior
  3856 | D        | Noticed a deep elf sorcerer
  3857 | D        | Noticed an orc warlord
  3857 | D        | Noticed a vault guard
  3860 | D        | Killed a deep elf sorcerer
  3860 | D        | Killed a vault guard
  3866 | D        | Noticed a deep elf blademaster
  3867 | D        | Killed a naga warrior
  3872 | D        | Killed an orc warlord
  3874 | D        | Noticed a naga warrior
  3882 | D        | Killed a deep elf blademaster
  3882 | D        | Reached XP level 13. HP: 86/134 MP: 21/23
  3891 | D        | Noticed an orc warlord
  3895 | D        | Reached skill level 15 in Invocations
  3920 | D        | Killed an orc warlord
  4109 | D        | Noticed an apis
  4121 | D        | Killed an apis
  4715 | D        | Noticed an eidolon
  4715 | D        | Noticed a fire dragon
  4715 | D        | Noticed an apis
  4717 | D        | Killed a fire dragon
  4718 | D        | Killed an eidolon
  4719 | D        | Killed an apis
  4721 | D        | Killed a lorocyproca
  4771 | D        | Noticed Gastronok
  4772 | D        | Noticed a minotaur
  4777 | D        | Noticed a fire dragon
  4785 | D        | Noticed a jiangshi
  4789 | D        | Killed a minotaur
  4791 | D        | Killed Gastronok
  4794 | D        | Killed a fire dragon
  4794 | D        | Reached XP level 14. HP: 80/146 MP: 2/24
  4825 | D        | Paralysed by a great orb of eyes for 2 turns
  4845 | D        | Noticed a nagaraja
  4863 | D        | Killed a nagaraja
  5429 | D        | Noticed a balrug
  5430 | D        | Noticed a nagaraja
  5431 | D        | Noticed a sphinx
  5431 | D        | Noticed a lich
  5432 | D        | Killed a balrug
  5432 | D        | Noticed a deep elf sorcerer
  5453 | D        | Noticed an Executioner
  5455 | D        | Killed a sphinx
  5455 | D        | Killed a deep elf sorcerer
  5455 | D        | Killed a nagaraja
  5464 | D        | Killed a lich
  5514 | D        | Noticed a sphinx
  5519 | D        | Killed a sphinx
  5522 | D        | Noticed a profane servitor
  5552 | D        | Killed a profane servitor
  5859 | D        | Noticed a lich
  5871 | D        | Killed a lich
  5871 | D        | Reached XP level 15. HP: 128/152 MP: 25/25
  6637 | D        | Got the amulet of Birdsong {rPois rC++ Regen+ Dex+4 Slay-3}
  6639 | D        | Got the amulet of the Barracuda {RegenMP rElec rF+ rC++
                  | Str-5}
  6643 | D        | Got the ring "Even" {rC- EV+6 Int+8}
  6645 | D        | Got the ring of Wooxzimi {rPois MR+}
  6647 | D        | Got the ring "Davab" {MP-9 Int+6 Dex+4 Slay+2 Stlth+}
  6649 | D        | Got the amulet "Goprikij" {+Rage Str+4}
  6651 | D        | Got the ring of Yredelemnul's Delight {rN+ Slay+5}
  6653 | D        | Got the ring "Touher" {Int+4 Slay+5}
  6657 | D        | Got the amulet "Vamin" {Reflect +Fly Str-2 SH+4 SInv}
  6659 | D        | Got the amulet of Lihidouw {+Rage rElec}
  6661 | D        | Got the ring of Rerghyjai {rC+ Int+4}
  6663 | D        | Got the ring "Zehuapo" {rPois MR+ Str-3 SInv}
  6665 | D        | Got the ring of Abaur {AC+6 Int+2 Dex-2 Slay+5 SInv}
  6667 | D        | Got the ring of Ynoew {rElec rF+ Str-2 SInv}
  6669 | D        | Got the ring "Wallocw" {rElec rN+ MP+9 Int+6}
  6671 | D        | Got the ring of Joang {rPois rF+ MR+ Int+5}
  6673 | D        | Got the ring of the Jackalope {rF+ rC+}
  6675 | D        | Got the ring of Isommit {rF- rC+++ rN+ Int-3 Stlth+}
  6678 | D        | Got the ring "Tet Haga" {rF+ Str+8 Stlth-}
  6702 | D        | Got the amulet of Syndicalism {+Rage rN+ Str+3}
  6704 | D        | Got the amulet of Moodiness {+Rage rPois}
  6707 | D        | Got the amulet "Tynleh" {Reflect Str+6 SH+3 Stlth+}
  6710 | D        | Got the amulet of Joy {Gourm rN+++ Str-5 Int-5 SInv}
  6714 | D        | Got the ring "Ophoh" {+Inv rN++ AC+1 Str-4 Int+3}
  6796 | D        | Noticed a ghost moth
  6811 | D        | Killed a ghost moth
  6867 | D        | Noticed a sphinx
  6885 | D        | Killed a sphinx
  6948 | D        | Noticed a sphinx
  6949 | D        | Reached skill level 27 in Armour
  6949 | D        | Reached skill level 27 in Shields
  6949 | D        | Reached skill level 5 in Unarmed Combat
  6949 | D        | Noticed a nagaraja
  6953 | D        | Noticed a fire giant
  6961 | D        | Killed a sphinx
  6961 | D        | Reached skill level 10 in Unarmed Combat
  6966 | D        | Killed a nagaraja
  6972 | D        | Killed a fire giant
  6988 | D        | Noticed Mara
  6988 | D        | Noticed a deep elf blademaster
  6998 | D        | Noticed a storm dragon
  7001 | D        | Reached skill level 15 in Unarmed Combat
  7004 | D        | Killed a deep elf blademaster
  7008 | D        | Noticed Groucho's illusion
  7011 | D        | Killed a storm dragon
  7023 | D        | Killed Mara
  7026 | D        | Noticed a sphinx
  7045 | D        | Killed a sphinx
  7045 | D        | Reached XP level 16. HP: 148/160 MP: 1/26
  7047 | D        | Noticed a tentacled monstrosity
  7055 | D        | Killed a tentacled monstrosity
  7316 | D        | Noticed a greater mummy
  7333 | D        | Killed a greater mummy
  7335 | D        | Noticed a shadow dragon
  7342 | D        | Reached skill level 10 in Dodging
  7355 | D        | Killed a shadow dragon
  7358 | D        | Got the ring "Wusch" {rC+ MR+}
  7624 | D        | Noticed a lich
  7625 | D        | Noticed a bone dragon
  7625 | D        | Reached skill level 15 in Dodging
  7625 | D        | Killed a lich
  7638 | D        | Killed a bone dragon
  7638 | D        | Paralysed by a vampire knight for 4 turns
  7866 | D        | Got a silver rune of Zot
  7973 | D        | Noticed a shadow dragon
  7983 | D        | Noticed a tentacled monstrosity
  7992 | D        | Killed a tentacled monstrosity
  8005 | D        | Killed a shadow dragon
  8005 | D        | Reached XP level 17. HP: 132/168 MP: 5/29
  8012 | D        | Noticed a lich
  8019 | D        | Killed a lich
  8019 | D        | Noticed Louise
  8020 | D        | Noticed a curse toe
  8033 | D        | Killed Louise
  8034 | D        | Killed from afar by a deathcap

Skill      XL: |  1  2  3  4  5  6  7  8  9 10 11 12 13 14 15 16 17 |
---------------+----------------------------------------------------+-----
Fighting       | 6 8 9 10 11 13 14 16 18 19 | 19.0
Axes           | 5 6 7 8 10 11 12 14 16 17 18 | 18.8
Armour         | 6 8 9 10 11 13 14 16 18 21 25 27 | 27.0
Shields        | 6 8 9 10 11 13 14 16 18 21 25 27 | 27.0
Invocations    | 1 3 5 7 8 9 11 13 14 15 18 19 | 19.6
Unarmed Combat | 20 22 | 22.2
Dodging        | 21 | 21.7

Action                   |  1- 3 |  4- 6 |  7- 9 | 10-12 | 13-15 | 16-18 || total
-------------------------+-------+-------+-------+-------+-------+-------++-------
Melee: War axe           |    12 |    42 |    52 |   127 |    64 |       ||   297
       Headbutt          |     2 |    13 |    10 |    32 |    92 |    40 ||   189
       Mace              |       |       |     7 |       |       |       ||     7
       Broad axe         |       |       |       |       |   291 |   118 ||   409
Invok: Upheaval          |       |       |     7 |     8 |    24 |     5 ||    44
       Disaster Area     |       |       |       |     3 |    12 |     3 ||    18
Evoke: Fan of gales      |       |       |       |     1 |       |       ||     1
  Use: Potion            |       |     1 |     6 |     4 |    12 |     4 ||    27
       Scroll            |       |       |     1 |     1 |     1 |       ||     3
 Stab: Invisible         |       |       |     1 |       |       |       ||     1
  Eat: Ration            |       |       |     1 |     2 |     3 |     2 ||     8
Armor: Scale mail        |     2 |    13 |       |       |       |       ||    15
       Chain mail        |       |    11 |    21 |       |       |       ||    32
       Plate armour      |       |       |     7 |    61 |    10 |       ||    78
       Gold dragon scale |       |       |       |       |   115 |    22 ||   137
Dodge: Dodged            |     2 |    16 |    25 |    20 |    34 |     9 ||   106
       Deflected         |       |       |       |     1 |     4 |     2 ||     7
Block: Shield            |     5 |    52 |    90 |   149 |    55 |       ||   351
       Large shield      |       |       |       |       |   391 |   128 ||   519
       Reflection        |       |       |       |       |     6 |     4 ||    10
